[Event "Early-Titled-Tuesday-Blitz-January-30-2024"]
[Site "Chess.com"]
[Date "2024.01.30"]
[Round "5"]
[White "ahkashefi2800"]
[Black "ilqar_74"]
[Result "1/2-1/2"]
[WhiteElo "2548"]
[BlackElo "2835"]
[TimeControl "180+1"]
[EndTime "8:59:22 PST"]
[Termination "Game drawn - insufficient material"]

1. Nf3 Nf6 2. g3 d5 3. Bg2 e6 4. O-O Be7 5. c4 O-O 6. b3 c5 7. cxd5 exd5 8. d4 Nc6 9. dxc5 Bxc5 10. Bb2 Be6 11. Nbd2 Rc8 12. Rc1 Qb6 13. a3 Ng4 14. Qe1 a5 15. h3 Nh6 16. e3 d4 17. exd4 Nxd4 18. Qe5 f6 19. Qxc5 Ne2+ 20. Kh2 Rxc5 21. Rce1 Rc2 22. Ba1 Nc3 23. b4 axb4 24. axb4 Bf7 25.
Re7 Qxb4 26. Rfe1 Nd5 27. Rd7 Rxd2 28. Nxd2 Qxd2 29. Ree7 Nf5 30. Rxf7 Rxf7 31. Rd8+ Rf8 32. Bxd5+ Qxd5 33. Rxd5 g6 34. g4 Ng7 35. Rd6 Ne8 36. Rd7 Rf7 37. Rd8 Rf8 38. Rb8 Nd6 39. Rxf8+ Kxf8 40. Bxf6 Kf7 41. Be5 Nc4 42. Bc3 Ke6 43. Kg3 Kd5 44. Kf4 Ke6 45. Ke4 Nd6+ 46. Kf4 b5 47. Bb4 Nf7 48. h4 Nd8 49. Bc3 Nc6 50. Kg5 Kf7 51.
Kh6 Kg8 52. f4 b4 53. Bf6 b3 54. h5 gxh5 55. Kxh5 Kf7 56. Bc3 Ne7 57. f5 Nd5 58.
Bb2 Ne3 59. Bd4 Kg8 60. Kg5 Nc4 61. Kh6 Nd6 62. Bc3 Ne4 63. Bb2 Nd6 64. Kg5 Nc4 65. Bc3 b2 66. Bxb2 Nxb2 67. Kh6 Nc4 68. g5 Nd6 69. g6 Nxf5+ 70. Kg5 hxg6 71. Kxg6 1/2-1/2

[Event "Early-Titled-Tuesday-Blitz-January-30-2024"]
[Site "Chess.com"]
[Date "2024.01.30"]
[Round "5"]
[White "winniethepooh04"]
[Black "Kingstar70"]
[Result "1-0"]
[WhiteElo "2539"]
[BlackElo "2328"]
[TimeControl "180+1"]
[EndTime "8:59:30 PST"]
[Termination "winniethepooh04 won by resignation"]

1. d4 Nf6 2. Nf3 g6 3. Bf4 d6 4. h3 Bg7 5. e3 O-O 6. Be2 c6 7. O-O Nbd7 8. c4 Qb6 9. Qc2 Re8 10. Nc3 e5 11. Bh2 a6 12. Rfe1 e4 13. Nd2 d5 14.
Rac1 Nf8 15. Na4 Qd8 16. cxd5 cxd5 17. Nc5 Ne6 18. b4 Bf8 19. a3 Bd6 20. Bxd6 Qxd6 21.
Nxe6 Bxe6 22. Qc7 Qxc7 23. Rxc7 Reb8 24. Rec1 Ne8 25. R7c3 Rc8 26. Nb3 Rxc3 27. Rxc3 Rc8 28. Rxc8 Bxc8 29. Kf1 Kf8 30. Ke1 Ke7 31. Kd2 Kd6 32.
Kc3 b6 33. a4 Nc7 34. a5 bxa5 35. bxa5 Bd7 36. Nc5 Bc8 37. Kb4 Kc6 38. Bd1 Kd6 39. Ba4 Ne6 40. Nxe6 Bxe6 41. Bd1 g5 42. Be2 Bc8 43. g3 f6 44. h4 h6 45. Bf1 Bb7 46. Be2 Bc8 47. Bf1 gxh4 48. gxh4 Kc6 49. Be2 Kd6 50.
Bh5 Bd7 51. Bg6 Bb5 52. Bh5 Bc4 53. Bd1 Kc6 54. Ba4+ Kd6 55. Kc3 Kc7 56. Be8 Kd6 57.
Bg6 Bb5 58. Bf5 Be2 59. Kb4 Bd3 60. Bg6 Be2 61. Bf5 Bd3 62. f3 Kc6 63. fxe4 dxe4 64. Bg6 Kd6 65. Kc3 Kd5 66. Bf7+ Kd6 67. Bc4 Bxc4 68.
Kxc4 f5 69. d5 Ke5 70. Kc5 f4 71. exf4+ Kxf4 72. d6 e3 73. d7 e2 74. d8=Q e1=Q 75. Qf6+ Kg4 76. Qg6+ Kxh4 77. Qxh6+ Kg4 78. Qxa6 Qe3+ 79.
Kb4 Qd2+ 80. Kc5 Qe3+ 81. Kc6 Qe6+ 82. Kb7 Qd7+ 83. Kb6 Qd6+ 84. Kb5 Qd5+ 85. Kb6 Qd6+ 86. Ka7 Qd7+ 87. Kb8 Qd8+ 88. Qc8+ Qxc8+ 89. Kxc8 Kf5 90. a6 Ke5 91. a7 Kd6 92. a8=Q 1-0

[Event "Early-Titled-Tuesday-Blitz-January-30-2024"]
[Site "Chess.com"]
[Date "2024.01.30"]
[Round "5"]
[White "sokidze"]
[Black "spaski2004"]
[Result "0-1"]
[WhiteElo "2860"]
[BlackElo "2984"]
[TimeControl "180+1"]
[EndTime "8:59:34 PST"]
[Termination "spaski2004 won by resignation"]

1. d4 c6 2. c4 d6 3. Nf3 Nf6 4. Nc3 Bg4 5. Qb3 Qc7 6. Bd2 Nbd7 7. Rc1 e5 8. d5 Be7 9. g3 Bxf3 10. exf3 O-O 11. Bh3 Nc5 12. Qc2 a5 13. O-O b5 14.
Be3 b4 15. Ne4 Ncxe4 16. fxe4 Rfb8 17. Qd3 a4 18. Kh1 Kh8 19. f4 a3 20. b3 c5 21.
fxe5 dxe5 22. Rf3 Rf8 23. Rcf1 Kg8 24. Bd2 Ne8 25. g4 h6 26. Bg2 Bg5 27. Bxg5 hxg5 28. Qe3 Qe7 29. Rh3 g6 30. Rh6 Kg7 31. Qh3 Nf6 32. Kg1 Rh8 33. Rxh8 Rxh8 34. Qg3 Qd6 35. h3 Qe7 36. Qf3 Rh6 37. Qe3 Nd7 38. Rd1 Qd6 39. Qxg5 f6 40. Qe3 g5 41. Rf1 Nf8 42. Kf2 Ng6 43.
Rh1 Nf4 44. Bf1 Rh4 45. Ke1 Kf8 46. Kd2 Ke7 47. Kc2 Kd7 48. Qf3 Kc7 49. Rh2 Qe7 50. Rh1 Kd6 51. Rh2 Qh7 52. Rh1 Qh8 53. Rh2 Qc8 54.
Rh1 Qd7 55. Rh2 Qg7 56. Rh1 Qg6 57. Kc1 Qe8 58. Rh2 Qh8 59. Kb1 Qg8 60. Rh1 Qg7 61.
Rh2 Rh6 62. Rh1 Ng6 63. Rh2 Nf4 64. Rh1 Qf7 65. Rh2 Rh7 66. Rh1 Qf8 67. Rh2 Rh4 68.
Rh1 Qa8 69. Rh2 Qa7 70. Rh1 Qh7 71. Qe3 Rxg4 72. Qf3 Rh4 73. Rg1 Nh5 74. Ka1 Rf4 75. Kb1 Rxf3 0-1

[Event "Early-Titled-Tuesday-Blitz-January-30-2024"]
[Site "Chess.com"]
[Date "2024.01.30"]
[Round "5"]
[White "GroovyKettle"]
[Black "chucksterf10"]
[Result "0-1"]
[WhiteElo "2969"]
[BlackElo "2626"]
[TimeControl "180+1"]
[EndTime "8:59:46 PST"]
[Termination "chucksterf10 won on time"]

1. e4 e5 2. Nf3 Nf6 3. Nxe5 d6 4. Nf3 Nxe4 5. d3 Nf6 6. d4 d5 7. Bd3 Bd6 8. Qe2+ Qe7 9. Qxe7+ Kxe7 10. O-O Re8 11.
Nc3 c6 12. Bg5 Nd7 13. Ne2 h6 14. Bd2 Ne4 15. Be3 Ndf6 16. h3 Kf8 17. Rfe1 a5 18. a4 b6 19. c3 Ba6 20. Nc1 Bxd3 21. Nxd3 Nd7 22. Kf1 c5 23. Red1 c4 24. Nde1 Rab8 25.
Nd2 Nxd2+ 26. Rxd2 b5 27. axb5 Rxb5 28. Re2 Nf6 29. Bc1 Ne4 30. Nc2 Re6 31. Ke1 Rg6 32.
g4 f5 33. f3 Ng3 34. Rg2 Re6+ 35. Kd1 f4 36. Rb1 Rb8 37. Bd2 g5 38. Be1 a4 39.
Nb4 Bxb4 40. cxb4 Nf1 41. Re2 Ne3+ 42. Kc1 h5 43. Ra1 hxg4 44. hxg4 Ra8 45. Bd2 Rh6 46. Ra3 Rh1+ 47. Re1 Rxe1+ 48. Bxe1 Ke7 49. Bd2 Nf1 50. Be1 Kd6 51. Kc2 Kc6 52. Ra1 Ne3+ 53. Kc3 Kb5 54. Bd2 Re8 55. Rh1 Re6 56. Rh5 Nf1 57.
Rxg5 Nxd2 58. Kxd2 Kxb4 59. Rxd5 Re3 60. Rd8 Rxf3 61.
Rb8+ Ka5 62. g5 Rg3 63. Kc2 f3 64. Rf8 Kb4 65. Rf5 Rg2+ 66. Kb1 f2 67. Ka2 a3 68. bxa3+ Ka4 69. Kb1 Rg1+ 70. Kc2 f1=Q 71. Rxf1 Rxf1 72. Kc3 Rg1 73. Kxc4 Rxg5 74. d5 Ka5 75. Kc5 Rg1 76. Kc6 Rc1+ 77. Kb7 Rd1 78. Kc6 Ka6 79. d6 Rc1+ 80.
Kd7 Kb7 81. a4 Rc5 82. a5 Rxa5 83. Ke7 Kc6 84. d7 Re5+ 85. Kd8 Rd5 86. Kc8 Rxd7 0-1

[Event "Early-Titled-Tuesday-Blitz-January-30-2024"]
[Site "Chess.com"]
[Date "2024.01.30"]
[Round "5"]
[White "Smile2005"]
[Black "NowInChess"]
[Result "1/2-1/2"]
[WhiteElo "2451"]
[BlackElo "2272"]
[TimeControl "180+1"]
[EndTime "8:59:47 PST"]
[Termination "Game drawn by stalemate"]

1. e4 e6 2. d4 d5 3. Nd2 Nc6 4. Ngf3 Nf6 5. e5 Nd7 6. c3 f6 7. exf6 Qxf6 8. Bd3 Bd6 9. h3 e5 10. dxe5 Ndxe5 11. Nxe5 Nxe5 12. Nf3 Nxf3+ 13. Qxf3 Qxf3 14.
gxf3 O-O 15. Ke2 Bd7 16. Be3 c5 17. Rag1 Rae8 18. Kd2 Rxf3 19. h4 Bf4 20. Rg2 Rxf2+ 21. Rxf2 Bxe3+ 22. Ke1 Bxf2+ 23. Kxf2 Rf8+ 24. Ke3 Bf5 25. Be2 Be4 26. Rd1 Re8 27. Kf2 Re7 28. h5 g5 29.
hxg6 hxg6 30. Bg4 Kg7 31. Kg3 g5 32. a4 b6 33. a5 Kg6 34. axb6 axb6 35. Ra1 Rf7 36.
Ra6 Rf6 37. Ra7 Rd6 38. Bd7 d4 39. cxd4 cxd4 40. Be8+ Kh6 41. Re7 Bg6 42. Ba4 d3 43. Re1 d2 44. Rh1+ Kg7 45. Bd1 Be4 46. Rf1 Kg6 47. Rf2 Bf5 48. Rf3 Rd3 49. Rxd3 Bxd3 50. Kf2 Kf5 51. Ke3 Be4 52. Kxd2 Kf4 53. Ke1 Ke3 54.
Kf1 Bf3 55. Ba4 g4 56. Kg1 g3 57. Bd7 Kd2 58. b4 Kc3 59. b5 Be2 60. Kg2 Kb4 61. Kxg3 Bxb5 62. Bf5 Bc4 63. Kf2 Kc3 64. Ke1 Bb3 65. Bd7 Bc2 66. Bc6 Bd3 67. Kd1 Bc4 68.
Kc1 Kb4 69. Kb2 Bb5 70. Bxb5 Kxb5 71. Kb3 Kc5 72. Kc3 b5 73. Kb3 b4 74. Kb2 Kc4 75. Kc2 b3+ 76. Kb2 Kb4 77. Kb1 Kc3 78. Kc1 b2+ 79. Kb1 Kb3 1/2-1/2

[Event "Early-Titled-Tuesday-Blitz-January-30-2024"]
[Site "Chess.com"]
[Date "2024.01.30"]
[Round "5"]
[White "Iball95"]
[Black "chess123456s"]
[Result "1-0"]
[WhiteElo "2789"]
[BlackElo "2571"]
[TimeControl "180+1"]
[EndTime "9:00:02 PST"]
[Termination "Iball95 won by resignation"]

1. e4 c5 2. Nf3 d6 3. Nc3 g6 4. d4 cxd4 5. Qxd4 Nf6 6. e5 Nc6 7. Bb5 dxe5 8. Qxd8+ Kxd8 9. Bxc6 bxc6 10. Nxe5 Ke8 11.
Bd2 Bb7 12. O-O-O e6 13. Rhe1 Nd5 14. Ne4 f6 15. Nc4 Rd8 16. Na5 Ba8 17. c4 Nb4 18. Kb1 Kf7 19. Bc3 Be7 20. Nxf6 Nxa2 21. Kxa2 Bxf6 22. Bxf6 Kxf6 23. c5 Rd5 24. Rxd5 cxd5 25.
b4 Rc8 26. Kb3 d4 27. f3 Bd5+ 28. Ka4 e5 29. Rc1 d3 30. Rd1 e4 31. fxe4 Bxe4 32. Kb5 Ke5 33. Kc4 a6 34. Rd2 Kf4 35. Kc3 Rd8 36. Nc4 g5 37. Nd6 Ke3 38. Nc4+ Kf4 39. Rf2+ Kg4 40. Nd2 Bg6 41. Rf6 Kh5 42. Rxa6 Rf8 43. b5 Rf5 44. Rc6 Be8 45. Rc7 Bxb5 46. Rxh7+ Kg6 47. Rc7 Rf6 48. g3 Kf5 49. Rb7 Bc6 50.
Rb6 Kg4 51. Kxd3 Kh3 52. Ne4 Rg6 53. Nxg5+ Kxh2 54. Nf7 Kxg3 55. Ne5 Rg5 56. Kd4 Bg2 57. Rb3+ Kf2 58. Rb2+ Kg1 59. Nd3 Rg4+ 60. Ke3 Rg3+ 61.
Kd4 Rg8 62. Nf4 Bf1 63. Rb1 Rc8 64. Nd3 Kg2 65. Nf4+ Kf2 66. Rb2+ Kg3 67. Ne6 Bg2 68. Ke5 Re8 69. Kd6 Bh3 70. Rb3+ Kh4 71. Nf4 Rd8+ 72.
Kc7 Rc8+ 73. Kb7 Bg4 74. c6 Kg5 75. Nd5 Be6 76. Rb5 Rh8 77. Nc7+ Bf5 78. Ne6+ Kf6 79. Nd4 Rh7+ 80. c7 Be4+ 81. Kb6 Rh8 82. Rc5 Ke7 83. c8=Q Rxc8 84. Rxc8 Kd6 85. Rc5 Bd5 86. Nb5+ Ke5 87. Nc3 1-0

[Event "Early-Titled-Tuesday-Blitz-January-30-2024"]
[Site "Chess.com"]
[Date "2024.01.30"]
[Round "5"]
[White "Jumbo"]
[Black "Zavgorodniy_Sergiy"]
[Result "1/2-1/2"]
[WhiteElo "2927"]
[BlackElo "2623"]
[TimeControl "180+1"]
[EndTime "9:00:04 PST"]
[Termination "Game drawn - insufficient material"]

1. d4 Nf6 2. Nf3 e6 3. Bf4 b6 4. e3 Bb7 5. h3 g6 6. c4 Bg7 7. Nc3 Ne4 8. Bd3 Nxc3 9. bxc3 d6 10. e4 Nd7 11. Bg5 f6 12. Bh4 O-O 13. O-O g5 14. Bg3 f5 15. exf5 exf5 16. Re1 f4 17. Bh2 Qf6 18. h4 h6 19. Nd2 f3 20. Ne4 Bxe4 21. Bxe4 fxg2 22. Qd2 Rad8 23. hxg5 hxg5 24.
Bd5+ Kh8 25. Kxg2 Rde8 26. Bg3 Bh6 27. Bc6 Re7 28. Rxe7 Qxe7 29. Rh1 Kg7 30. Qd1 Nf6 31. Qf3 Qe6 32. Qd3 d5 33. Bb5 c6 34. Ba6 dxc4 35.
Bxc4 Nd5 36. Qe2 Qxe2 37. Bxe2 Nf4+ 38. Bxf4 gxf4 39. Bf3 Rf6 40. Rh5 Rg6+ 41. Kf1 Rg5 42. Rh4 c5 43. d5 Re5 44. c4 Bg5 45. Rg4 Kf6 46. Rg1 Re8 47. a4 Re7 48. Rh1 Ke5 49.
Rh5 Rg7 50. Be2 Kd4 51. d6 Kc3 52. d7 Be7 53. Rd5 Bd8 54. a5 bxa5 55. Rxc5 a4 56. Rd5 Rg8 57. c5 a3 58. Rd3+ Kb4 59.
Bf3 a2 60. Rd1 Kxc5 61. Bd5 Rg7 62. Bxa2 Re7 63. Rd5+ Kc6 64. Rf5 Rxd7 65. Rxf4 Rd6 66.
Bc4 Bb6 67. Be2 Bd4 68. Rf5 Bc5 69. Bf3+ Kb6 70. Be2 Rd4 71. Rf6+ Rd6 72. Rf7 a5 73. Bf3 a4 74. Rb7+ Ka5 75. Rb2 Bb4 76. Ra2 a3 77.
Be2 Bc5 78. Bc4 Kb4 79. Bg8 Kc3 80. Re2 Rg6 81. Bf7 Rf6 82. Bg8 Rxf2+ 83. Rxf2 Bxf2 84. Kxf2 Kb2 85. Ke2 a2 86. Bxa2 1/2-1/2

[Event "Early-Titled-Tuesday-Blitz-January-30-2024"]
[Site "Chess.com"]
[Date "2024.01.30"]
[Round "5"]
[White "wild3000"]
[Black "Iana_Shirova"]
[Result "0-1"]
[WhiteElo "2386"]
[BlackElo "2214"]
[TimeControl "180+1"]
[EndTime "9:00:07 PST"]
[Termination "Iana_Shirova won by checkmate"]

1. a3 e5 2. e3 Nf6 3. b4 g6 4. Bb2 d6 5. Nf3 Bg7 6. d4 Nbd7 7. dxe5 Ng4 8. Nbd2 O-O 9. Rb1 Ngxe5 10. Be2 b6 11.
O-O Bb7 12. c4 a5 13. Qb3 axb4 14. axb4 f5 15. Nxe5 Nxe5 16. c5+ d5 17. Nf3 Qe7 18. cxb6 cxb6 19. Rfd1 Kh8 20. Nxe5 Bxe5 21. Bxe5+ Qxe5 22. Qb2 Qxb2 23. Rxb2 Rfc8 24. h4 Ra4 25. Rd4 Kg7 26. Bf3 Rd8 27. Rc2 Rd7 28. g4 Kf6 29. Kg2 Ke5 30. Kg3 h6 31. Be2 Ra3 32. Bb5 f4+ 33. Rxf4 Re7 34. Rd4 g5 35. hxg5 hxg5 36. Rc1 Rh7 37. Bc6 Bxc6 38. Rxc6 Ra1 39. Kf3 Rh3+ 40. Ke2 Ra2+ 41. Rd2 Rxd2+ 42. Kxd2 Rh4 43. Rxb6 Rxg4 44. b5 Rb4 45. Kc3 Rb1 46. Kc2 Rb4 47. Kc3 Rb1 48.
f3 Rc1+ 49. Kd3 Rd1+ 50. Ke2 Rb1 51. Kf2 Rb2+ 52. Kg3 Rb4 53. Rb8 Rb3 54. b6 Kd6 55. b7 Kc7 56. Rd8 Kxd8 57. Kg4 Rxb7 58. Kxg5 Ke7 59.
Kf5 Rb5 60. Ke5 Ra5 61. f4 Kf7 62. f5 Rb5 63. Kd4 Kf6 64. e4 dxe4 65. Kxe4 Re5+ 66.
Kf4 Rxf5+ 67. Ke4 Ra5 68. Kd4 Rh5 69. Ke4 Kg6 70. Kf4 Rb5 71. Ke4 Kf6 72. Kd4 Ke6 73. Kc4 Rf5 74. Kd4 Rh5 75. Kd3 Rh4 76. Ke3 Kf5 77. Kd3 Ke5 78. Kc3 Kd5 79. Kd3 Rh3+ 80. Ke2 Kd4 81. Kd2 Rh2+ 82. Ke1 Kd3 83. Kf1 Ra2 84.
Ke1 Rb2 85. Kf1 Ke3 86. Kg1 Kf3 87. Kf1 Rb1# 0-1

[Event "Early-Titled-Tuesday-Blitz-January-30-2024"]
[Site "Chess.com"]
[Date "2024.01.30"]
[Round "5"]
[White "dretch"]
[Black "AsterPhoenix"]
[Result "0-1"]
[WhiteElo "2796"]
[BlackElo "2613"]
[TimeControl "180+1"]
[EndTime "9:00:08 PST"]
[Termination "AsterPhoenix won by checkmate"]

1. d4 Nf6 2. c4 e6 3. Nc3 d5 4. cxd5 exd5 5. Bg5 Bb4 6. e3 h6 7. Bh4 g5 8. Bg3 Ne4 9. Ne2 h5 10. h4 Nxg3 11. Nxg3 gxh4 12. Nxh5 c6 13. Bd3 Qg5 14. Nf4 Bd6 15. g3 Nd7 16. Qf3 Nb6 17. gxh4 Rxh4 18.
Rxh4 Qxh4 19. O-O-O Bg4 20. Rh1 Bxf3 21. Rxh4 O-O-O 22. Bf5+ Kb8 23. Rh3 Bxf4 24. Rxf3 Bd6 25. Bd3 Rf8 26. Rf6 Kc7 27. Ne2 Be7 28. Rh6 Nc8 29. Ng3 Nd6 30. Nf5 Nxf5 31. Bxf5 a5 32. Kd2 a4 33. Ke2 a3 34. b3 Kb6 35. Rh7 Bb4 36. Kd3 Bd6 37. f3 Bb4 38. e4 dxe4+ 39.
fxe4 f6 40. Kc4 Bd6 41. Rh6 Bf4 42. Rh4 Bg5 43. Rh3 Rd8 44. b4 Ra8 45. Rg3 Bf4 46. Rf3 Bg5 47. Rh3 Bc1 48. Kb3 Bb2 49. Kc4 Rd8 50. Rd3 Kc7 51. d5 cxd5+ 52. exd5 Kd6 53. Re3 Rh8 54. Re6+ Kc7 55. Kb5 Be5 56. Re7+ Kb8 57. Be6 Ka7 58. Ka4 Kb6 59. Kxa3 Rh4 60. Rd7 Bc3 61. Kb3 Bxb4 62. Rd8 Bc5 63. Rc8 Bd4 64. Kc2 Be5 65. Rc4 Rxc4+ 66. Kd3 Rd4+ 67. Ke3 Kc5 68.
Bf7 Rxd5 69. Bxd5 Kxd5 70. Kf3 Kc5 71. Ke4 Kb4 72. Kd5 b6 73. Kc6 Ka3 74. Kxb6 Kxa2 75. Kc5 Kb3 76. Kd5 Kc3 77. Ke4 Kc4 78. Ke3 Kd5 79.
Kf3 Ke6 80. Ke4 f5+ 81. Kf3 Kf6 82. Ke3 Kg5 83. Kf3 f4 84. Kf2 Kg4 85. Kg2 f3+ 86. Kf2 Kf4 87. Kf1 Kg3 88. Kg1 f2+ 89. Kf1 Bd6 90. Ke2 Kg2 91. Ke3 f1=Q 92. Kd2 Bh2 93. Kc3 Qd1 94. Kc4 Qd6 95. Kc3 Qd5 96. Kb4 Qc6 97.
Kb3 Qc5 98. Ka4 Qb6 99. Ka3 Kf3 100. Ka2 Ke3 101. Ka3 Kd3 102. Ka2 Kc3 103. Ka1 Kc2 104. Ka2 Qa6# 0-1

[Event "Early-Titled-Tuesday-Blitz-January-30-2024"]
[Site "Chess.com"]
[Date "2024.01.30"]
[Round "5"]
[White "rikchessmx"]
[Black "Nouali_Mohamed"]
[Result "1-0"]
[WhiteElo "2331"]
[BlackElo "2507"]
[TimeControl "180+1"]
[EndTime "9:00:18 PST"]
[Termination "rikchessmx won on time"]

1. e4 c5 2. Nf3 Nc6 3. d4 cxd4 4. Nxd4 g6 5. Nxc6 bxc6 6. Qd4 Nf6 7. e5 Nd5 8. e6 f6 9. exd7+ Qxd7 10. Nc3 e5 11. Qc4 Rb8 12. Ne4 Bg7 13. Qc5 Bf8 14. Qc4 Be7 15. Bh6 Rb4 16. Qe2 Rxb2 17. Rd1 Qb7 18. Qd3 Bf5 19. c4 Nb4 20. Nd6+ Bxd6 21. Qxd6 Nc2+ 22.
Kd2 Nd4+ 23. Ke3 c5 24. Qd5 Qxd5 25. cxd5 Bc2 26. Bd3 Bxd1 27. Rxd1 Ke7 28. f4 Rxg2 29. fxe5 fxe5 30. Bg7 Rg8 31. Bxe5 Rxa2 32. Bc4 Re8 33.
Bxa2 Nf5+ 34. Ke4 Rb8 35. d6+ Kd7 36. Bc4 Rb4 37. Kd3 Nxd6 38. Bxd6 Kxd6 39. Kc3+ Ke5 40. Re1+ Kf6 41. Re6+ Kg5 42. Ra6 Rb1 43. Rxa7 h5 44. Rc7 Rh1 45. Rxc5+ Kh6 46. Bd3 Rxh2 47. Rc6 Rg2 48.
Kd4 Rg3 49. Bxg6 h4 50. Be4+ Kg7 51. Ke5 h3 52. Kf4 Rg1 53. Rc7+ Kf6 54. Rh7 Rf1+ 55. Ke3 Re1+ 56. Kf4 Rf1+ 57. Bf3 Kg6 58. Rxh3 Ra1 59. Rg3+ Kf6 60. Be4 Rf1+ 61. Bf3 Ra1 62. Rh3 Ra4+ 63.
Be4 Ra5 64. Rh6+ Kg7 65. Rb6 Ra7 66. Bf5 Rc7 67. Kg5 Ra7 68. Rg6+ Kf7 69. Rh6 Re7 70.
Rh7+ Kf8 71. Rh1 Rg7+ 72. Kf6 Rg3 73. Ra1 Re3 74. Ra7 Re1 75. Rf7+ Kg8 76. Rd7 Kf8 77.
Be6 Rf1+ 78. Bf5 Re1 79. Rd8+ Re8 80. Rd6 Re1 81. Ra6 Re8 82. Ra7 Re1 83. Rh7 Rg1 84. Rf7+ Kg8 85. Re7 Kf8 86. Rf7+ Kg8 87. Ra7 Kf8 88. Ra5 Re1 89. Ra4 Kg8 90. Kg5 Kf7 91.
Ra7+ 1-0

[Event "Early-Titled-Tuesday-Blitz-January-30-2024"]
[Site "Chess.com"]
[Date "2024.01.30"]
[Round "5"]
[White "Noki102"]
[Black "BestStelker"]
[Result "1/2-1/2"]
[WhiteElo "2488"]
[BlackElo "2664"]
[TimeControl "180+1"]
[EndTime "9:00:26 PST"]
[Termination "Game drawn by repetition"]

1. d4 Nf6 2. Nf3 g6 3. g3 Bg7 4. Bg2 O-O 5. O-O d6 6. c4 Nc6 7. Bg5 Ne4 8. Be3 e5 9. Nxe5 dxe5 10. d5 Na5 11. Bxe4 Nxc4 12. Bc1 Bh3 13. Bg2 Bxg2 14. Kxg2 e4 15. Nc3 Re8 16. Qa4 Nb6 17. Qb3 Bxc3 18. bxc3 Qxd5 19. Be3 Nc4 20. Rad1 Nxe3+ 21. fxe3 Qxb3 22.
axb3 Rad8 23. Rd4 c5 24. Ra4 a6 25. Rf6 Rd7 26. Rc4 Re5 27. Ra4 Kg7 28. Rb6 f5 29.
Kf2 Red5 30. Ra5 Kf7 31. b4 Ke7 32. bxc5 Rc7 33. c4 Rdxc5 34. Rxc5 Rxc5 35. Rxb7+ Kf6 36.
Rb6+ Kg5 37. Rxa6 Rxc4 38. Ra7 h5 39. Ra6 h4 40. gxh4+ Kh5 41. Kg3 Rc3 42. Kf4 Rc8 43.
Ra7 Rh8 44. Rg7 Kh6 45. Rf7 Kh5 46. Rf6 Rh6 47. Kg3 Rh8 48. Rf7 Rh6 49. h3 Rh8 50. Rg7 Kh6 51. Re7 Rc8 52. Kf4 Rc2 53. Re8 Rxe2 54.
Rh8+ Kg7 55. Ra8 Rf2+ 56. Kg5 Rg2+ 57. Kf4 Rg1 58. h5 Rf1+ 59. Kg5 Rg1+ 60. Kf4 gxh5 61. Kxf5 Rg3 62. Kxe4 Rxh3 63. Kf4 h4 64. e4 Rh1 65. e5 Kf7 66. Kf5 Rf1+ 67. Kg4 Ke6 68. Re8+ Kd7 69. Rh8 Ke6 70. Re8+ Kd7 71. Rh8 Re1 72. Rh7+ Ke6 73. Rxh4 Kxe5 74. Rh5+ Kf6 75. Rh3 Re4+ 76. Kf3 Ra4 77.
Rg3 Kf5 78. Kg2 Kf4 79. Rf3+ Ke4 80. Rg3 Ra2+ 81. Kh3 Kf4 82. Rg4+ Kf5 83. Rg3 Rb2 84. Rg2 Rb3+ 85. Rg3 Rb1 86. Kg2 Kf4 87. Rf3+ Ke4 88. Rf2 Rb8 89. Rf3 Rg8+ 90. Rg3 Rd8 91. Rf3 Rd2+ 92. Rf2 Rd8 93. Re2+ Kf4 94. Rf2+ Kg4 95. Rf3 Rd2+ 96. Rf2 Rd3 97. Re2 Rg3+ 98. Kf2 Ra3 99. Ke1 Kf3 100. Rf2+ Ke3 101. Re2+ Kd3 102. Rd2+ Ke4 103. Re2+ Kf3 104. Rf2+ Kg3 105. Re2 Rb3 106. Kd2 Kf3 107. Re8 Rb2+ 108. Kc3 Re2 109. Rf8+ Kg2 110. Rg8+ Kf3 111. Rf8+ Kg2 112. Rg8+ Kf3 113. Rf8+ 1/2-1/2

[Event "Early-Titled-Tuesday-Blitz-January-30-2024"]
[Site "Chess.com"]
[Date "2024.01.30"]
[Round "5"]
[White "Sam_ChessMood"]
[Black "vishwa_vijeta"]
[Result "1/2-1/2"]
[WhiteElo "2896"]
[BlackElo "2553"]
[TimeControl "180+1"]
[EndTime "9:01:01 PST"]
[Termination "Game drawn by repetition"]

1. d4 Nf6 2. c4 c5 3. d5 b5 4.
cxb5 a6 5. e3 e6 6. Nc3 exd5 7. Nxd5 Bb7 8. e4 axb5 9. Bg5 Qa5+ 10.
Bd2 Qd8 11. Bxb5 Nxd5 12. exd5 Bxd5 13. Nf3 Be7 14. O-O O-O 15. a4 Bb7 16. Re1 d5 17. Ne5 Bf6 18. Rc1 c4 19. Bb4 Na6 20. Bxf8 Qxf8 21.
Nd7 Qd6 22. Nxf6+ Qxf6 23. b3 Nc5 24. bxc4 d4 25. a5 g6 26. a6 Nxa6 27. Ra1 Rd8 28. Bxa6 Bxa6 29. c5 Bb7 30. Qd3 Qc6 31. f3 Qxc5 32.
Rac1 Qd6 33. Qd2 d3 34. h3 Bxf3 35. Re3 Be2 36. Re1 Qd4 37. Rxe2 dxe2 38. Qxd4 Rxd4 39. Rxe2 f5 40. Kf2 Kf7 41. Ra2 h5 42. Kf3 h4 43.
Ra3 Kf6 44. Kf2 Kg5 45. Ra6 Re4 46. Rb6 Rf4+ 47. Ke3 Re4+ 48. Kf3 Re5 49. Rc6 Re4 50.
Rd6 Rf4+ 51. Ke3 Re4+ 52. Kf2 Rf4+ 53. Kg1 Re4 54. Rd8 Rf4 55. Rh8 Re4 56. Ra8 Rf4 57.
Ra3 Re4 58. Kf2 Kf4 59. Ra6 g5 60. Ra3 g4 61. hxg4 fxg4 62. Ra8 Rb4 63. Rf8+ Ke4 64. Re8+ Kf5 65. Rf8+ Kg5 66. Rg8+ Kh5 67. Rh8+ Kg6 68. Rg8+ Kh7 69. Rf8 Rb2+ 70. Kf1 Kg6 71. Rg8+ Kf5 72.
Rh8 Kf4 73. Rxh4 Kg3 74. Rh8 Rb1+ 75. Ke2 Kxg2 76. Rg8 g3 77. Rh8 Kg1 78. Rg8 g2 79.
Rh8 Rf1 80. Rh7 Rf6 81. Rh8 Re6+ 82. Kd2 Rf6 83. Ke2 Re6+ 84. Kd2 Kf2 85. Rf8+ Kg1 86. Rh8 1/2-1/2

[Event "Early-Titled-Tuesday-Blitz-January-30-2024"]
[Site "Chess.com"]
[Date "2024.01.30"]
[Round "6"]
[White "falzehope0"]
[Black "winniethepooh04"]
[Result "1-0"]
[WhiteElo "2394"]
[BlackElo "2528"]
[TimeControl "180+1"]
[EndTime "9:03:16 PST"]
[Termination "falzehope0 won by resignation"]

1. d4 e6 2. e3 d5 3. Bd3 Nf6 4. f4 Bd6 5. Nf3 O-O 6. O-O Nbd7 7.
Nbd2 b6 8. Ne5 Bb7 9. Qf3 c5 10. c3 Rc8 11. g4 Ne8 12. g5 f6 13. Bxh7+ Kxh7 14. Qh5+ Kg8 15. g6 1-0

[Event "Early-Titled-Tuesday-Blitz-January-30-2024"]
[Site "Chess.com"]
[Date "2024.01.30"]
[Round "6"]
[White "PolandHussars"]
[Black "dretch"]
[Result "0-1"]
[WhiteElo "2606"]
[BlackElo "2800"]
[TimeControl "180+1"]
[EndTime "9:03:35 PST"]
[Termination "dretch won by resignation"]

1. e4 e6 2. Nc3 d5 3. d4 Nf6 4. e5 Nfd7 5. Nce2 c5 6. c3 Nc6 7. Nf3 b5 8. Nf4 Qb6 9. g3 b4 10. Bh3 Ba6 11. Ng5 bxc3 12. Nxf7 cxb2 13. Nxh8 bxa1=Q 14. Bxe6 Qb4+ 0-1

[Event "Early-Titled-Tuesday-Blitz-January-30-2024"]
[Site "Chess.com"]
[Date "2024.01.30"]
[Round "6"]
[White "GOGIEFF"]
[Black "Iball95"]
[Result "1-0"]
[WhiteElo "2988"]
[BlackElo "2785"]
[TimeControl "180+1"]
[EndTime "9:03:54 PST"]
[Termination "GOGIEFF won by resignation"]

1. d4 d5 2. c4 e6 3. Nc3 c5 4.
cxd5 cxd4 5. Qa4+ Bd7 6. Qxd4 exd5 7. Qxd5 Nf6 8. Qd1 Bc5 9. Nf3 O-O 10. e3 Qe7 11. Be2 Nc6 12. O-O Rfd8 13. b4 Nxb4 14. Bb2 Bc6 15. Qb1 Ne4 16. a3 Nxf2 17. axb4 Qxe3 18. bxc5 Nh3+ 19. Kh1 Qg1+ 20. Nxg1 Nf2+ 21. Rxf2 1-0

[Event "Early-Titled-Tuesday-Blitz-January-30-2024"]
[Site "Chess.com"]
[Date "2024.01.30"]
[Round "6"]
[White "kleinebeer98"]
[Black "Snegokhod"]
[Result "1-0"]
[WhiteElo "2862"]
[BlackElo "2579"]
[TimeControl "180+1"]
[EndTime "9:04:14 PST"]
[Termination "kleinebeer98 won by resignation"]

1. a4 g6 2. Ra3 Bg7 3. Rg3 b6 4. e3 Bb7 5. Nc3 e6 6. d4 Ne7 7. Bd3 d6 8. h4 h5 9. Nf3 a6 10. Ng5 Qd7 11. O-O Nf5 12. Bxf5 exf5 13. e4 fxe4 14.
Ngxe4 Nc6 15. Bg5 O-O 16. Nf6+ Bxf6 17. Bxf6 Ne7 18. Qxh5 1-0

[Event "Early-Titled-Tuesday-Blitz-January-30-2024"]
[Site "Chess.com"]
[Date "2024.01.30"]
[Round "6"]
[White "GAusal"]
[Black "HajiyevKanan"]
[Result "0-1"]
[WhiteElo "2284"]
[BlackElo "2578"]
[TimeControl "180+1"]
[EndTime "9:04:22 PST"]
[Termination "HajiyevKanan won by resignation"]

1. e4 c6 2. Bc4 d5 3. exd5 cxd5 4. Bb3 a5 5. a3 a4 6. Ba2 Nc6 7. d4 Nf6 8. c3 Bg4 9. f3 Bf5 10. Kf2 e6 11. Ne2 Bd6 12. h4 h5 13. Bg5 Qb6 14.
Qc1 O-O 15. Nd2 e5 16. Bxf6 gxf6 17. Ng3 Bg6 18. Bb1 exd4 19. Nf5 dxc3+ 20. Kf1 cxb2 21.
Qd1 bxa1=Q 0-1

[Event "Early-Titled-Tuesday-Blitz-January-30-2024"]
[Site "Chess.com"]
[Date "2024.01.30"]
[Round "6"]
[White "IlanSchnaider"]
[Black "SHIVACalypso"]
[Result "1-0"]
[WhiteElo "2649"]
[BlackElo "2437"]
[TimeControl "180+1"]
[EndTime "9:04:24 PST"]
[Termination "IlanSchnaider won by resignation"]

1. Nf3 Nf6 2. g3 g6 3. Bg2 Bg7 4. O-O O-O 5. d4 d5 6. c4 c6 7. Qc2 Bf5 8. Qb3 Qc8 9. Nc3 Ne4 10. Bf4 Nd7 11. cxd5 Nxc3 12. bxc3 cxd5 13. Qxd5 Be6 14. Qa5 b6 15. Qa3 Qc4 16. Nd2 Qxe2 17. Rfe1 Qd3 18. Be4 Qb5 19. Rab1 Qh5 20. Bxa8 Rxa8 21. Qxe7 Nf6 22.
Rxe6 fxe6 23. Qxe6+ Kh8 24. Be5 Re8 25. Qf7 Qf5 26.
Bxf6 1-0

[Event "Early-Titled-Tuesday-Blitz-January-30-2024"]
[Site "Chess.com"]
[Date "2024.01.30"]
[Round "6"]
[White "publicaccountcze"]
[Black "GMT4114"]
[Result "0-1"]
[WhiteElo "2283"]
[BlackElo "1950"]
[TimeControl "180+1"]
[EndTime "9:04:25 PST"]
[Termination "GMT4114 won by resignation"]

1. e4 e6 2. d4 d5 3. Nd2 h6 4. Ngf3 Nf6 5. Bd3 c5 6. c3 cxd4 7. Nxd4 dxe4 8. Nxe4 Bd7 9. O-O Nc6 10. Be3 Be7 11. Qd2 Ne5 12. f4 Nxd3 13. Qxd3 O-O 14. f5 exf5 15. Nxf5 Bxf5 16. Rxf5 Qxd3 0-1